AoeStats
← cmd

Yucatan

503451386Analyzed
2v2 RM · 1mo ago on Aug 31, 2026· 40m 21s· 4 players
Game mode
Random Map
Map size
Medium (4 player)
Population
200
Speed
Normal
Resources
Standard
Victory
Conquest
Starting age
Dark Age
Ending age
Imperial Age
RankedLock teamsTeams togetherTeam positionsShared explorationLock speedFull tech treeHidden civsTurbo modeCheats
Victory
Defeat
🇳🇴 Khmer · Norway
946
+16
🇳🇴 Franks · Norway
941
+16
🇩🇪 Inca · Germany
967
-17
🇩🇪 Mongols · Germany
921
-15
stoffi [NOR]
5:42 Loom
12:19 Feudal Age
17:41 Castle Age
18:54 Scale Barding Armor
26:25 Chain Barding Armor
28:19 Double-Bit Axe
30:37 Forging
32:58 Husbandry
34:45 Wheelbarrow
33:56 Town Watch
the_beacons_are_lit
11:38 Feudal Age
14:20 Loom
17:00 Castle Age
16:58 Stone Mining
17:13 Double-Bit Axe
17:11 Horse Collar
18:16 Bow Saw
29:43 Wheelbarrow
30:36 Light Cavalry
31:32 Gold Mining
35:08 Imperial Age
34:02 Stone Shaft Mining
33:39 Husbandry
33:50 Bloodlines
35:20 Hussar
36:40 Conscription
37:20 Scale Barding Armor
37:27 Forging
38:37 Chain Barding Armor
39:15 Forging
40:15 Elite Battle Elephant
helo
6:53 Loom
10:12 Feudal Age
10:16 Champi Runner
13:31 Double-Bit Axe
22:16 Castle Age
20:59 Scale Mail Armor
22:38 Pikeman
23:15 Crossbowman
26:27 Squires
26:36 Horse Collar
31:36 Thumb Ring
32:25 Wheelbarrow
35:17 Hand Cart
35:31 Bow Saw
37:09 Champi Warrior
38:22 Chain Mail Armor
37:58 Fletching
cmd
12:14 Loom
13:59 Feudal Age
18:47 Castle Age
20:40 Thumb Ring
21:56 Fletching
22:50 Double-Bit Axe
27:23 Horse Collar
28:08 Bodkin Arrow
29:09 Bow Saw
28:53 Gold Mining
29:31 Padded Archer Armor
29:56 Heavy Plow
34:50 Ballistics
41:17 Imperial Age
Connection lost

Rejoining the realm…

Still unreachable

The connection could not be restored.

Session expired

The server has moved on; the page needs a fresh start.